 Dungeon Crawl Stone Soup version 0.21.0-3-g78d12a8 (webtiles) character file.

365 tidbits the Sneak (level 6, 0/26 HPs)
             Began as a Felid Air Elementalist on Jan 8, 2018.
             Was a Priest of Cheibriados.
             Succumbed to a scorpion's poison
             ... on level 5 of the Dungeon.
             The game lasted 00:19:11 (2278 turns).

tidbits the Sneak (Felid Air Elementalist)          Turns: 2278, Time: 00:19:12

Health: 0/26       AC:  2    Str: 13    XL:     6   Next: 40%
Magic:  7/10       EV: 26    Int: 24    God:    Cheibriados [***...]
Gold:   194        SH:  0    Dex: 28    Spells: 5/9 levels left
                                        Lives:  0   Deaths: 1

rFire    . . .     SeeInvis +     - Unarmed
rCold    . . .     Gourm    .   (shield unavailable)
rNeg     . . .     Faith    +   (armour unavailable)
rPois    .         Spirit   .   (helmet unavailable)
rElec    .         Reflect  .   (cloak unavailable)
rCorr    .         Harm     .   (gloves unavailable)
MR       .....                  (boots unavailable)
Stlth    +++++.....             h - amulet of faith
HPRegen  0.08/turn              (no ring)
MPRegen  0.12/turn              (no ring)

@: agile, lethally poisoned (0 -> -14), very slow
A: very small, no armour, no weapons or thrown items, stealth, claws 1, fangs 3,
see invisible, carnivore, speed 1, shaggy fur 2, slow metabolism 1, sharp paws
a: Bend Time, Temporal Distortion, Renounce Religion


You were on level 5 of the Dungeon.
You worshipped Cheibriados.
Cheibriados was most pleased with you.
You were completely stuffed.

You visited 1 branch of the dungeon, and saw 5 of its levels.

You collected 194 gold pieces.

Inventory:

Missiles
 e - 60 arrows
Jewellery
 h - an amulet of faith (around neck)
   (You found it on level 1 of the Dungeon)
Wands
 j - a wand of flame (30)
Scrolls
 d - a scroll of fear {unknown}
 i - 3 scrolls of teleportation
 k - a scroll of blinking {unknown}
 m - a scroll of remove curse {unknown}
Potions
 b - a potion of resistance
 l - a potion of haste
Books
 a - a book of Air

   Spells                             Type                      Level
   a - Shock                          Conjuration/Air              1
   b - Swiftness                      Charms/Air                   2
   c - Static Discharge               Conjuration/Air              3
   d - Airstrike                      Air                          4
   e - Lightning Bolt                 Conjuration/Air              5
Comestibles
 c - 5 rations


   Skills:
 - Level 2.0 Fighting
 - Level 3.9 Dodging
 - Level 6.3 Stealth
 - Level 4.3 Unarmed Combat
 - Level 2.0 Spellcasting
 + Level 1.2 Conjurations
 + Level 2.8 Air Magic
 - Level 2.2 Invocations


You had 5 spell levels left.
You knew the following spells:

 Your Spells              Type           Power        Failure   Level  Hunger
a - Shock                 Conj/Air       ##..         5%          1    #......
d - Static Discharge      Conj/Air       ##......     16%         3    ###....


Dungeon Overview and Level Annotations

Branches:
Dungeon (5/15)             Temple (0/1) D:5

Altars:
Ashenzari
Cheibriados
Elyvilon
Fedhas
Kikubaaqudgha
Ru
Vehumet
Wu Jian


Innate Abilities, Weirdness & Mutations

You cannot wear armour.
You are incapable of wielding weapons or throwing items.
Your paws allow you to move quietly. (Stealth)
You have sharp claws.
You have razor-sharp teeth.
You have supernaturally acute eyesight. (SInv)
You are carnivorous and can eat meat at any time.
You cover ground quickly.
You are covered in thick fur. (AC +2)
You have a slow metabolism.
Your sharp claws are effective at attacking unaware monsters.


Message History

Cheibriados appreciates the change of pace.
You scratch the orc. You bite the orc, but do no damage.
The orc is lightly wounded.
The orc hits you.
You scratch the orc.
The orc is moderately wounded.
The orc closely misses you.
You scratch the orc but do no damage.
The orc is moderately wounded.
The orc hits you.
You scratch the orc.
The orc is heavily wounded.
The orc completely misses you.
You scratch the orc.
The orc is severely wounded.
The orc closely misses you.
You scratch the orc but do no damage.
The orc is severely wounded.
The orc barely misses you.
You scratch the orc.
You kill the orc!
Cheibriados appreciates the change of pace.
Memorise Static Discharge, consuming 3 spell levels and leaving 5?
You start memorising the spell.
You continue memorising. x3
You finish memorising.
Spell assigned to 'b'.
Adjust (i)tems, (s)pells, or (a)bilities?
Adjust which spell? b - Static Discharge Adjust to which letter? d - Static Discharge
Items here: ) [[ ††† Butcher an orc corpse? [(y)es/(c)hoosy/(n)o/(a)ll/(e)dible/(q)uit/?]
Okay, then.
Things that are here:
a club; 3 steel tomahawks Your magical contamination has completely faded away.
Found a stone staircase leading down.
Found a stone staircase leading up.
Found 15 gold pieces.
You now have 173 gold pieces (gained 4).
You now have 184 gold pieces (gained 11).
You open the door.
Found a shattered altar of Ashenzari and a sacrificial altar of Ru.
Found a ring mail and a scroll of teleportation.
Found a radiant altar of Vehumet.
There is an open door here.
You see here a ring mail.
i - 3 scrolls of teleportation (gained 1)
You see here a ring mail.
There is an open door here.
Found 10 gold pieces.
Found a ration.
You now have 194 gold pieces (gained 10).
c - 5 rations (gained 1)
You found a teleport trap!
There is a stone staircase leading up here.
You climb upwards.
There is a stone staircase leading down here.
There is a stone staircase leading down here.
You climb downwards.
There is a stone staircase leading up here.
A scorpion comes into view.
The scorpion stings you.
You are poisoned.
The scorpion poisons you!
You feel sick. The scorpion stings you.
You are lethally poisoned!
The scorpion poisons you!
* * * LOW HITPOINT WARNING * * *
You feel sick.
* * * LOW HITPOINT WARNING * * *
You feel sick.
It was a potion of magic.
Magic courses through your body.
* * * LOW HITPOINT WARNING * * *
You feel sick. The scorpion barely misses you.
It was a potion of agility.
You feel agile all of a sudden.
* * * LOW HITPOINT WARNING * * *
You feel sick. The scorpion closely misses you.
The flow of time bends around you.
Cheibriados rebukes the scorpion.
The scorpion seems to slow down.
You feel slightly less full. The scorpion stings you.
* * * LOW HITPOINT WARNING * * *
There is a lethal amount of poison in your body!
Unknown command.
Okay, then.
Unknown command.
You scratch the scorpion.
The scorpion is moderately wounded.
* * * LOW HITPOINT WARNING * * *
You feel sick. The scorpion closely misses you.
You barely miss the scorpion.
You claw the scorpion, but do no damage.
The scorpion is moderately wounded.
* * * LOW HITPOINT WARNING * * *
You feel sick.
You barely miss the scorpion.
The scorpion is moderately wounded.
You die...

### ..# #.# ##.#######
<.......... ##.####.#
#.####### #.# #.# #....s@.#
.#.# #.# #######.# .#.# #.#
###.#### .#.# #.# #....<.##
.#.# #[# #.#>#^#.######
.#.####.#######....###.....#
.#....)...........#.#.####.#
...####.########..##.## #.#
...# #.# #..##.# #.#


You could see a scorpion.

Vanquished Creatures
  A phantom (D:4)
  A centaur (D:3)
  4 electric eels (D:3)
  A bullfrog skeleton (D:5)
  Natasha (D:4)
  7 gnolls
  2 adders (D:2)
  3 oozes (D:2)
  2 worms
  A dart slug (D:3)
  2 leopard geckos
  10 orcs
  2 ball pythons
  6 goblins
  5 hobgoblins
  12 jackals
  7 bats
  4 frilled lizards
  3 kobolds
  7 rats
  2 rat zombies (D:2)
  A plant (D:3)
84 creatures vanquished.

Notes
Turn   | Place    | Note
-------+----------+-------------------------------------------
     0 | D:1      | tidbits the Felid Air Elementalist began the quest for the Orb.
     0 | D:1      | Reached XP level 1. HP: 7/7 MP: 4/4
    48 | D:1      | Reached skill level 3 in Stealth
    97 | D:1      | Reached skill level 1 in Unarmed Combat
    97 | D:1      | Reached XP level 2. HP: 11/11 MP: 3/6
   188 | D:2      | Found a snail-covered altar of Cheibriados.
   194 | D:2      | Became a worshipper of Cheibriados the Contemplative
   317 | D:2      | Reached skill level 4 in Stealth
   317 | D:2      | Reached XP level 3. HP: 14/14 MP: 4/7
   340 | D:2      | Reached skill level 2 in Unarmed Combat
   418 | D:1      | Reached * piety under Cheibriados
   534 | D:2      | Found a blossoming altar of Fedhas.
   696 | D:3      | Found a sacrificial altar of Ru.
   700 | D:3      | Reached XP level 4. HP: 18/18 MP: 3/8
   719 | D:3      | Noticed a centaur
   724 | D:3      | HP: 1/18 [centaur (5)]
   732 | D:3      | HP: 1/18 [centaur (2)]
   733 | D:3      | Killed a centaur
   733 | D:3      | Reached skill level 5 in Stealth
   733 | D:3      | Reached skill level 1 in Invocations
   733 | D:3      | Reached XP level 5. HP: 1/21 MP: 7/9
   809 | D:3      | Reached skill level 3 in Unarmed Combat
  1063 | D:3      | Reached ** piety under Cheibriados
  1064 | D:3      | Found an ornate altar of the Wu Jian Council.
  1290 | D:4      | Noticed a phantom
  1327 | D:4      | Killed a phantom
  1327 | D:4      | Reached skill level 1 in Fighting
  1327 | D:4      | Reached skill level 3 in Dodging
  1327 | D:4      | Reached skill level 2 in Invocations
  1327 | D:4      | Gained mutation: You are covered in thick fur. (AC +2) [Felid growth]
  1327 | D:4      | Reached XP level 6. HP: 10/25 MP: 5/10
  1397 | D:4      | Noticed Natasha
  1405 | D:4      | Killed Natasha
  1511 | D:2      | Found a white marble altar of Elyvilon.
  1677 | D:2      | Found an ancient bone altar of Kikubaaqudgha.
  1733 | D:3      | Found a transporter.
  1786 | D:3      | Reached skill level 6 in Stealth
  1786 | D:3      | Killed from afar by an electric eel
  1787 | D:3      | Reached XP level 5. HP: -7/22 MP: 9/9
  1787 | D:3      | Reached skill level 4 in Unarmed Combat
  1809 | D:3      | Reached XP level 6. HP: 26/26 MP: 10/10
  1814 | D:3      | Found a transporter.
  1904 | D:3      | Reached skill level 2 in Fighting
  1908 | D:3      | Reached *** piety under Cheibriados
  2097 | D:5      | Entered Level 5 of the Dungeon
  2112 | D:5      | Found a staircase to the Ecumenical Temple.
  2121 | D:5      | Reached skill level 1 in Conjurations
  2148 | D:5      | Learned a level 3 spell: Static Discharge
  2173 | D:5      | Found a shattered altar of Ashenzari.
  2173 | D:5      | Found a sacrificial altar of Ru.
  2174 | D:5      | Found a radiant altar of Vehumet.
  2276 | D:5      | HP: 2/26 [poisoned by a scorpion]
  2278 | D:5      | Succumbed to a scorpion's poison

Skill      XL: |  1  2  3  4  5  6 |
---------------+-------------------+-----
Stealth        | 3 4 5 6 |  6.3
Unarmed Combat | 1 2 4 |  4.3
Invocations    | 1 2 |  2.2
Fighting       | 1 2 |  2.0
Dodging        | 3 |  3.9
Conjurations   | 1 |  1.2
Spellcasting   | |  2.0
Air Magic      | |  2.8

Action                   |  1- 3 |  4- 6 || total
-------------------------+-------+-------++-------
Melee: Unarmed           |    34 |    91 ||   125
       Bite              |     4 |    13 ||    17
       Punch             |       |     2 ||     2
 Cast: Shock             |    49 |    61 ||   110
Invok: Bend Time         |       |     1 ||     1
Evoke: Wand              |       |     4 ||     4
  Use: Scroll            |     1 |       ||     1
       Potion            |       |     8 ||     8
 Stab: Sleeping          |     4 |     5 ||     9
  Eat: Chunk             |     5 |    10 ||    15
Armor: Skin              |     3 |     4 ||     7
Dodge: Dodged            |    47 |    75 ||   122

Table legend:
 A = Turns spent in this place as a percentage of turns spent in the entire game.
 B = Non-inter-level travel turns spent in this place as a percentage of non-inter-level travel turns spent in the entire game.
 C = Inter-level travel turns spent in this place as a percentage of turns spent in this place.
 D = Turns resting spent in this place as a percentage of non-inter-level travel turns spent in this place.
 E = Turns spent auto-exploring this place as a percentage of non-inter-level travel turns spent in this place.
 F = Non-inter-level travel turns spent in this place divided by the number of levels of this place that you've seen.
                   A       B       C       D       E      F
               +-------+-------+-------+-------+-------+----------------------
         Total | 100.0 | 100.0 |   6.9 |   0.0 |   0.0 | 424.2
       Dungeon | 100.0 | 100.0 |   6.9 |   0.0 |   0.0 | 424.2
               +-------+-------+-------+-------+-------+----------------------

Table legend:
 A = Kills in this place as a percentage of kills in entire the game.
 B = Kills by you in this place as a percentage of kills by you in the entire game.
 C = Kills by friends in this place as a percentage of kills by friends in the entire game.
 D = Other kills in this place as a percentage of other kills in the entire game.
 E = Experience gained in this place as a percentage of experience gained in the entire game.
 F = Experience gained in this place divided by the number of levels of this place that you have seen.
                   A       B       C       D       E      F
               +-------+-------+-------+-------+-------+----------------------
         Total | 100.0 | 100.0 |   N/A |   N/A | 100.0 | 157.8
       Dungeon | 100.0 | 100.0 |   N/A |   N/A | 100.0 | 157.8
               +-------+-------+-------+-------+-------+----------------------

Vault maps used:
D:1:      evilmike_arrival_hilbert_curve
D:2:      nicolae_overflow_crystal_walls, lemuel_doored_altar,
          lemuel_zombie_altar_kikubaaqudgha, fedhas_altar_1
D:3:      gammafunk_steamed_eel, lemuel_coloured_pillars_altar, first_ration,
          minmay_misc_feat_diagonals, minmay_crystal_water,
          minmay_misc_feat_alley, minmay_misc_feat_tiny, hangedman_decor_points,
          nicolae_ru_sacrificial_ziggurat
D:4:      kennysheep_mini_moat, led_xom_imps, bh_walls_and_bars, uniq_natasha,
          uniq_grinder, uniq_robin
D:5:      grunt_dithmenos_shadows, gammafunk_temple_overflow_forgotten,
          minmay_temple_entry_grid, minmay_tree_intersection, uniq_ijyb,
          uniq_edmund
